 Dungeon Crawl Stone Soup version 0.21.1-1-g345015fe64 (webtiles) character file.

6877 Peloso the Carver (level 10, -12/91 HPs)
             Began as a Minotaur Fighter on Apr 1, 2018.
             Was a High Priest of Okawaru.
             Mangled by a death yak (20 damage)
             ... on level 9 of the Dungeon.
             The game lasted 00:16:43 (7955 turns).

Peloso the Carver (Minotaur Fighter)                Turns: 7955, Time: 00:16:44

Health: -12/91     AC: 13    Str: 22    XL:     10   Next: 78%
Magic:  9/9        EV:  8    Int:  5    God:    Okawaru [*****.]
Gold:   348        SH: 13    Dex: 12    Spells: 9/9 levels left

rFire    . . .     SeeInvis .   H - +4 long sword
rCold    . . .     Gourm    .   c - +1 shield
rNeg     + . .     Faith    .   b - +0 chain mail
rPois    .         Spirit   .   (helmet restricted)
rElec    .         Reflect  .   (no cloak)
rCorr    +         Harm     .   w - +0 pair of gloves
MR       .....                  j - +0 pair of boots
Stlth    ..........             (no amulet)
HPRegen  0.25/turn              n - ring of resist corrosion
MPRegen  0.11/turn              p - ring of positive energy

@: no status effects
A: retaliatory headbutt, horns 2
a: Heroism, Finesse, Renounce Religion


You were on level 9 of the Dungeon.
You worshipped Okawaru.
Okawaru was extremely pleased with you.
You were very hungry.

You visited 2 branches of the dungeon, and saw 10 of its levels.
You also visited: Ossuary.

You collected 348 gold pieces.

Inventory:

Hand Weapons
 a - a +2 falchion of protection
 i - a +2 falchion of slicing
 H - a +4 long sword (weapon)
Armour
 b - a +0 chain mail (worn)
 c - a +1 shield (worn)
 j - a +0 pair of boots (worn)
 w - a +0 pair of gloves (worn)
Jewellery
 e - an uncursed ring of wizardry
 n - a ring of resist corrosion (left hand)
 p - a ring of positive energy (right hand)
Wands
 k - a wand of polymorph (10)
 F - a wand of enslavement (15)
Scrolls
 g - 5 scrolls of remove curse
 o - 2 scrolls of magic mapping
 y - 5 scrolls of teleportation
 A - 2 scrolls of vulnerability {unknown}
 C - a scroll of identify
 D - a scroll of fog
 E - 2 scrolls of enchant armour
Potions
 l - 2 potions of resistance {unknown}
 m - a potion of berserk rage {unknown}
 q - 8 potions of brilliance {unknown}
 r - 6 potions of curing {unknown}
 s - a potion of mutation {unknown}
 t - a potion of lignification {unknown}
 u - 4 potions of invisibility {unknown}
 v - 2 potions of flight {unknown}
 x - 2 potions of ambrosia {unknown}
 z - a potion of magic {unknown}
 B - 3 potions of agility
Comestibles
 f - 10 rations


   Skills:
 + Level 9.4 Fighting
 + Level 12.6 Long Blades
 + Level 8.4 Armour
 + Level 3.5 Dodging
 + Level 1.3 Stealth
 + Level 9.3 Shields
 + Level 0.2 Unarmed Combat
 + Level 1.1 Invocations


You had 9 spell levels left.
You didn't know any spells.

Dungeon Overview and Level Annotations

Branches:
Dungeon (9/15)             Temple (1/1) D:4
   Lair: D:8-11         Orc: D:9-12

Altars:
Ashenzari
Cheibriados
Dithmenos
Elyvilon
Fedhas
Gozag
Hepliaklqana
Kikubaaqudgha
Makhleb
Nemelex Xobeh
Okawaru
Qazlal
Ru
Sif Muna
Trog
Uskayaw
Vehumet
Wu Jian
Xom
Yredelemnul
Zin
The Shining One

Annotations:
D:8 Psyche


Innate Abilities, Weirdness & Mutations

You reflexively headbutt those who attack you in melee.
You have a pair of horns on your head.


Message History

You slash the death yak!
The death yak is severely wounded.
You slash the death yak!
The death yak is almost dead.
You block the death yak's attack.
Your chain mail prevents you from hitting the death yak.
You headbutt the death yak.
The death yak is almost dead.
The death yak barely misses you.
You slash the death yak!
You kill the death yak!
Okawaru is honoured by your kill.
The death yak snorts and paws the ground.
The crimson imp shouts, "Despair, thou feckless toot-wallowing snake-molt!"
The crimson imp blinks!
You feel a little less mighty now. The death yak gores you!
* * * LOW HITPOINT WARNING * * *
The death yak gores you!!
You die...

#.###+#########.#...#
#...............#'###
#....................
#.........####+######
###.......#..........
#.......#..........
#.......#..........
#.YY##'##..........
#.@.#..............
#...#...#'####.....
#...'...#....#.....
#...#...#..(.#.....
#...#...#....#.####
#...###.#....#.#
#.....#.#....#.#
#.....#.#....#.#
#.....#.#....#.#


You could see 2 death yaks.

Vanquished Creatures
  The ghost of BrokenGlass the Grappler, a novice TrFi of Qazlal (D:9)
  A two-headed ogre (D:8)
  3 death yaks (D:9)
  A cyclops (D:9)
  Prince Ribbit (D:6)
  A hippogriff (D:9)
  Eustachio (D:4)
  Menkaure (D:6)
  Edmund (D:5)
  2 phantoms
  2 sky beasts
  An orc warrior (D:6)
  3 ogres
  Blork the orc (D:4)
  2 bullfrogs
  2 scorpions
  9 wights
  3 crimson imps
  A quasit (D:8)
  9 orc wizards
  2 centaur skeletons
  2 jellies
  2 human zombies (Ossuary)
  7 orc priests
  2 hounds
  4 iguanas
  3 worker ants
  2 hound zombies
  A hound skeleton (D:4)
  3 mummies (Ossuary)
  Robin (D:1)
  A worker ant zombie (D:8)
  2 adders
  2 oozes
  2 adder skeletons
  7 worms
  A dart slug (D:4)
  3 leopard geckos
  30 orcs
  4 giant cockroaches
  A gnoll zombie (Ossuary)
  16 goblins
  8 hobgoblins
  9 jackals
  5 quokkas
  3 ball pythons
  7 bats
  8 frilled lizards
  2 hobgoblin zombies (Ossuary)
  12 kobolds
  3 kobold zombies (Ossuary)
  A quokka skeleton (D:4)
  10 rats
  2 rat zombies (D:5)
214 creatures vanquished.

Notes
Turn   | Place    | Note
-------+----------+-------------------------------------------
     0 | D:1      | Peloso the Minotaur Fighter began the quest for the Orb.
     0 | D:1      | Reached XP level 1. HP: 19/19 MP: 0/0
   276 | D:1      | Reached XP level 2. HP: 27/27 MP: 1/1
   525 | D:1      | Reached XP level 3. HP: 32/33 MP: 2/2
   526 | D:1      | Reached skill level 3 in Long Blades
   720 | D:2      | Noticed Robin
  1048 | D:1      | Killed Robin
  1141 | D:2      | Reached XP level 4. HP: 41/41 MP: 3/3
  1172 | D:2      | Noticed a moth of wrath
  1193 | D:2      | Found a bloodstained altar of Trog.
  1404 | D:2      | Found a radiant altar of Vehumet.
  1480 | D:2      | Reached skill level 1 in Dodging
  1527 | D:2      | Found an iron altar of Okawaru.
  1529 | D:2      | Found a glowing silver altar of Zin.
  1529 | D:2      | Found an opulent altar of Gozag.
  1531 | D:2      | Found a shimmering altar of Xom.
  1531 | D:2      | Found a shimmering altar of Xom.
  1531 | D:2      | Found a glowing golden altar of the Shining One.
  2296 | D:3      | Reached skill level 4 in Long Blades
  2361 | D:3      | Reached XP level 5. HP: 35/47 MP: 4/4
  2736 | D:4      | Reached skill level 5 in Long Blades
  2882 | D:4      | Found a staircase to the Ecumenical Temple.
  2894 | Temple   | Entered the Ecumenical Temple
  2934 | Temple   | Became a worshipper of Warmaster Okawaru
  2963 | D:4      | Reached XP level 6. HP: 39/53 MP: 5/5
  2985 | D:4      | Found a snail-covered altar of Cheibriados.
  3028 | D:4      | Noticed Eustachio
  3056 | D:4      | Killed Eustachio
  3056 | D:4      | Reached skill level 5 in Armour
  3312 | D:4      | Reached skill level 5 in Shields
  3375 | D:4      | Noticed Blork the orc
  3387 | D:4      | Killed Blork the orc
  3387 | D:4      | Reached * piety under Okawaru
  3387 | D:4      | Reached XP level 7. HP: 45/60 MP: 6/6
  3770 | D:5      | Entered Level 5 of the Dungeon
  3816 | D:5      | Reached skill level 5 in Fighting
  3934 | D:5      | Found a sand-covered staircase.
  3941 | Ossuary  | Entered an ossuary
  3967 | Ossuary  | Reached skill level 6 in Long Blades
  4212 | D:5      | Noticed Edmund
  4225 | D:5      | Killed Edmund
  4316 | D:5      | Found a basalt altar of Yredelemnul.
  4526 | D:5      | Found a blossoming altar of Fedhas.
  4747 | D:6      | Reached ** piety under Okawaru
  4747 | D:6      | Reached skill level 7 in Long Blades
  4751 | D:6      | Reached XP level 8. HP: 59/70 MP: 7/7
  4778 | D:6      | Noticed Menkaure
  4789 | D:6      | Killed Menkaure
  5207 | D:6      | Reached skill level 8 in Long Blades
  5428 | D:6      | Found a stormy altar of Qazlal.
  5654 | D:7      | Noticed Prince Ribbit
  5690 | D:6      | Killed Prince Ribbit
  5962 | D:6      | Reached skill level 9 in Long Blades
  6162 | D:7      | Reached *** piety under Okawaru
  6255 | D:7      | Reached XP level 9. HP: 53/78 MP: 8/8
  6591 | D:7      | Found a sparkling altar of Nemelex Xobeh.
  6972 | D:8      | Noticed a two-headed ogre
  6983 | D:8      | Killed a two-headed ogre
  6983 | D:8      | Reached skill level 10 in Long Blades
  7231 | D:8      | Found a deep blue altar of Sif Muna.
  7232 | D:8      | Noticed Psyche
  7318 | D:8      | Reached **** piety under Okawaru
  7381 | D:8      | Reached skill level 11 in Long Blades
  7607 | D:8      | Found a shattered altar of Ashenzari.
  7607 | D:8      | Found a sacrificial altar of Ru.
  7612 | D:8      | Found a hazy altar of Hepliaklqana.
  7614 | D:8      | Found a hide-covered altar of Uskayaw.
  7616 | D:8      | Found an ornate altar of the Wu Jian Council.
  7763 | D:9      | Reached XP level 10. HP: 82/88 MP: 9/9
  7847 | D:9      | Noticed a death yak
  7847 | D:9      | Noticed a death yak
  7852 | D:9      | Noticed BrokenGlass's ghost (novice TrFi)
  7867 | D:9      | Noticed a death yak
  7870 | D:9      | Killed a death yak
  7870 | D:9      | Reached skill level 1 in Invocations
  7871 | D:9      | Reached skill level 1 in Stealth
  7874 | D:9      | Noticed a cyclops
  7879 | D:9      | Killed a death yak
  7880 | D:9      | Noticed a death yak
  7887 | D:9      | Noticed a death yak
  7893 | D:9      | Killed BrokenGlass's ghost
  7893 | D:9      | Reached ***** piety under Okawaru
  7893 | D:9      | Reached skill level 12 in Long Blades
  7896 | D:9      | Killed a cyclops
  7934 | D:9      | Killed a death yak
  7955 | D:9      | Mangled by a death yak

Skill      XL: |  1  2  3  4  5  6  7  8  9 10 |
---------------+-------------------------------+-----
Fighting       | 4 6 8 9 |  9.4
Shields        | 4 5 6 7 9 |  9.3
Armour         | 4 5 6 7 8 |  8.4
Long Blades    | 3 4 5 7 9 11 12 | 12.6
Dodging        | 1 2 3 |  3.5
Invocations    | 1 |  1.1
Stealth        | 1 |  1.3
Unarmed Combat | |  0.2

Action                   |  1- 3 |  4- 6 |  7- 9 | 10-12 || total
-------------------------+-------+-------+-------+-------++-------
Melee: Long sword        |    73 |    81 |    38 |    47 ||   239
       Headbutt          |    11 |    34 |    84 |    16 ||   145
       Unarmed           |    11 |       |       |       ||    11
       Falchion          |       |    83 |   231 |       ||   314
       Scimitar          |       |       |   109 |       ||   109
Invok: Heroism           |       |       |     1 |     1 ||     2
  Use: Scroll            |       |     8 |     6 |       ||    14
       Potion            |       |       |     1 |     2 ||     3
  Eat: Chunk             |     1 |     7 |    14 |       ||    22
Armor: Scale mail        |    45 |    16 |       |       ||    61
       Skin              |     3 |       |       |       ||     3
       Chain mail        |       |    51 |   160 |    10 ||   221
Dodge: Dodged            |    44 |    34 |    77 |     6 ||   161
Block: Shield            |    66 |    83 |   190 |    26 ||   365
       Rpst.: Long sword |     6 |     9 |     5 |     2 ||    22
       Falchion          |       |     3 |    14 |       ||    17
       Scimitar          |       |       |     9 |       ||     9
